 Dungeon Crawl Stone Soup version 0.29-a0-359-g541a27f54d (webtiles) character file.

Game seed: 6404889384308200953

32 Colgate the Sneak (level 3, 21/21 HPs)
             Began as a Kobold Brigand on Apr 28, 2022.
             Was a Follower of Trog.
             Got out of the dungeon alive.
             The game lasted 00:02:38 (1629 turns).

Colgate the Sneak (Kobold Brigand)                  Turns: 1629, Time: 00:02:38

Health: 21/21      AC:  3    Str:  8    XL:     3   Next: 45%
Magic:  3/3        EV: 14    Int: 20    God:    Trog [*.....]
Gold:   22         SH:  0    Dex: 16    Spells: 2/2 levels left

rFire   . . .      SeeInvis .   a - +1 dagger (speed)
rCold   . . .      Faith    .   (no shield)
rNeg    . . .      Spirit   .   n - +0 robe
rPois   .          Reflect  .   (no helmet)
rElec   .          Harm     .   c - +0 cloak
rCorr   .          Rampage  .   (no gloves)
Will    .....                   (no boots)
Stlth   ++++......              (no amulet)
HPRegen 0.07/turn               i - +6 ring of intelligence
MPRegen 0.08/turn               (no ring)

@: no status effects
A: small, no large weapons, nightstalker 3
a: Renounce Religion, Berserk


You escaped.
You worshipped Trog.
Trog was aware of your devotion.
You visited 1 branch of the dungeon, and saw 2 of its levels.

You collected 22 gold pieces.

Inventory:

Hand Weapons
 a - a +1 dagger of speed (weapon)
 b - a +2 dagger
Missiles
 d - 9 poisoned darts (quivered)
 e - 3 curare-tipped darts
Armour
 c - a +0 cloak (worn)
 m - a +0 pair of boots
 n - a +0 robe (worn)
Jewellery
 i - a +6 ring of intelligence (left hand)
Scrolls
 g - a scroll of teleportation {unknown}
Potions
 h - a potion of haste {@q4}
 j - a potion of lignification
 k - a potion of resistance {unknown}
 l - a potion of might {@q3}


   Skills:
 - Level 2.1 Fighting
 + Level 4.8 Short Blades
 - Level 2.1 Throwing
 - Level 1.2 Dodging
 - Level 5.3 Stealth


You had 2 spell levels left.
You didn't know any spells.
Your spell library contained the following spells:

 Spells                   Type           Power      Damage    Failure   Level
 Call Canine Familiar     Summ           0%         N/A       50%         3
 Portal Projectile        Hex/Tloc       0%         N/A       50%         3
 Leda's Liquefaction      Hex/Erth       0%         N/A       88%         4


Dungeon Overview and Level Annotations

Branches:
Dungeon (2/15)

Altars:
Trog

Shops:
D:1 [


Innate Abilities, Weirdness & Mutations

You are small and have problems with some larger weapons.
You are completely attuned to the shadows.


Message History

As you read the scroll labelled XOUSHE UKIOLEK, it crumbles to dust.
It is a scroll of identify.
j - a potion of lignification
As you read the scroll of identify {@r1}, it crumbles to dust.
h - a potion of haste
As you read the scroll of identify {@r1}, it crumbles to dust.
l - a potion of might No target in view!
You see here a +0 mace.
A goblin comes into view. It is wielding a +0 dagger.
A goblin is nearby!
A goblin is nearby!
Found a stone staircase leading down.
A goblin is nearby!
The helpless goblin fails to defend itself.
You perforate the goblin like a sieve!!!
You kill the goblin!
You see here a +0 dagger.
There is a stone staircase leading down here.
Found a stone staircase leading up.
Found a faded altar of an unknown god.
There is a stone staircase leading up here.
There is a faded altar of an unknown god here.
You cannot tell which god this altar belongs to.
Convert to them anyway?
Trog accepts your prayer! Trog welcomes you!
You can now go berserk at will.
(D) Dungeon
Where to? (Enter - D:2, ? - help)
What level of the Dungeon? (default 1, ? - help)
There is a stone staircase leading up here.
You climb upwards.
There is a stone staircase leading down here.
There is a staircase leading out of the dungeon here.
Are you sure you want to leave the Dungeon?
This will make you lose the game!
Alright, then stay!
Unknown command.
Unknown command.
Are you sure you want to leave the Dungeon?
This will make you lose the game!
You have escaped!

...#.#.###.## ###...#
.....#.##..# ##....#
...#.#.#..## ##.....##
...#.#....#####...#...##
.....#.....##....##....##
####.#.##...#...#####...##
.....#.#.........## #....#
######.##...##....###..#.#
######.##..####.@.....##.#
.......##.## #....#####.#
#########.##
###..####..######## #
###.#######.##............
#
#....##......#.....#######
#
###.####..####............
########........##
#.......)###.
.............####
#........# #.
######.......# #........#
#.


There were no monsters in sight!

Vanquished Creatures
  A dart slug (D:1)
  4 endoplasms (D:1)
  2 giant cockroaches (D:1)
  5 goblins
  4 hobgoblins (D:1)
  A quokka (D:1)
  2 ball pythons (D:1)
  3 bats (D:1)
  A frilled lizard (D:1)
  A kobold (D:1)
  2 rats (D:1)
26 creatures vanquished.

Notes
Turn   | Place    | Note
-------+----------+-------------------------------------------
     0 | D:1      | Colgate the Kobold Brigand began the quest for the Orb.
     0 | D:1      | Reached XP level 1. HP: 12/12 MP: 1/1
   438 | D:1      | Reached XP level 2. HP: 7/17 MP: 2/2
   786 | D:1      | Found Duolener's Armour Emporium.
   976 | D:1      | Reached XP level 3. HP: 17/21 MP: 3/3
  1582 | D:2      | Found a faded altar of an unknown god.
  1587 | D:2      | Prayed at the altar of an unknown god.
  1587 | D:2      | Became a worshipper of Trog the Wrathful
  1587 | D:2      | Reached * piety under Trog
  1629 | D:$      | Got out of the dungeon alive.

Illustrated notes

Levels and vault maps discovered:
D:1:      dpeg_arrival_arbitrary_b, layout_basic, serial_shops, shop_fountains
D:2:      layout_rooms, ebering_ecumenical_altar_ruins,
          hangedman_decor_riveting, serial_park_tiny_pond,
          chequers_serial_rivers_micro_b

Skill      XL: |  1  2 |
---------------+-------+-----
Short Blades   | 3 4 |  4.8
Fighting       | |  2.1
Throwing       | |  2.1
Dodging        | |  1.2
Stealth        | |  5.3

Action                   || total
-------------------------++-------
Melee: Dagger            ||    56
  Use: Scroll            ||     3
 Stab: Sleeping          ||    15
Armor: Robe              ||     5
Dodge: Dodged            ||    19

Table legend: (Time is in decaauts)
 A = Elapsed time spent in this place.
 B = Non-inter-level travel time spent in this place.
 C = Inter-level travel time spent in this place.
 D = Time resting spent in this place.
 E = Time spent auto-exploring this place.
 F = Levels seen in this place.
 G = Mean time per level.
                   A        B        C        D        E       F      G
               +--------+--------+--------+--------+--------+-----+--------+
         Total |   1616 |   1518 |     98 |      0 |   1343 |   2 |  808.0 |
       Dungeon |   1616 |   1518 |     98 |      0 |   1343 |   2 |  808.0 |
               +--------+--------+--------+--------+--------+-----+--------+

Top non-repeatable levels by time:
     D:1: 1580 daAuts
     D:2: 36 daAuts
